 Dungeon Crawl Stone Soup version 0.30.1-11-g7821555f0a (webtiles) character file.

Game seed: 11885655757128502802

825 monsoonserge the Magician (level 8, -3/50 HPs)
             Began as a Djinni Venom Mage on Dec 22, 2023.
             Killed from afar by an acid dragon (29 damage)
             ... with a splash of acid
             ... on level 6 of the Dungeon.
             The game lasted 00:23:52 (5570 turns).

monsoonserge the Magician (Djinni Venom Mage)       Turns: 5570, Time: 00:23:52

Health: -3/50      AC:  3    Str:  7    XL:     8   Next: 17%
Gold:   275        EV: 10    Int: 19    God:
                   SH:  0    Dex: 14

rFire   + . .        D - +2 hand axe (drain)
rCold   + . .        (no shield)
rNeg    . . .        d - +0 ring mail {rC+}
rPois   ∞            (no helmet)
rElec   .            w - +0 cloak
rCorr   .            x - +0 pair of gloves
SInv    .            (boots unavailable)
Will    .....        (no amulet)
Stlth   +            E - ring of ice
HPRegen 0.28/turn    (no ring)
MPRegen 0.00/turn

%: infuse magic (-4 HP)
@: corroded, flying
A: sickness immunity, fire resistance 2, cold vulnerability 1, float, innate
caster, HP casting, extra vitality 1
a: no special abilities


You were on level 6 of the Dungeon.
You visited 2 branches of the dungeon, and saw 7 of its levels.

You collected 275 gold pieces.

Inventory:

Hand Weapons
 k - a +0 quarterstaff
 z - a +0 flail
 B - a +2 dagger of venom
 D - a +2 hand axe of draining (weapon)
Missiles
 e - 6 boomerangs (quivered)
 y - 5 poisoned darts
Armour
 a - a +0 robe
 d - a +0 ring mail of cold resistance (worn)
 v - a +0 leather armour
 w - a +0 cloak (worn)
 x - a +0 pair of gloves (worn)
Jewellery
 A - a ring of fire
 E - a ring of ice (left hand)
Scrolls
 h - 2 scrolls of poison {unknown}
 i - 2 scrolls of brand weapon {unknown}
 j - 3 scrolls of noise {unknown}
 l - 6 scrolls of teleportation {unknown}
 n - 7 scrolls of identify {unknown}
 o - 2 scrolls of amnesia {unknown}
 p - a scroll of enchant armour {unknown}
 t - a scroll of fog {unknown}
 C - 3 scrolls of magic mapping {unknown}
Potions
 b - a potion of curing
 c - a potion of lignification {unknown}
 f - a potion of might {unknown}
 g - a potion of heal wounds
 m - a potion of mutation {unknown}
 q - a potion of brilliance {unknown}
 r - 3 potions of attraction
 s - a potion of magic {unknown}
 u - a potion of degeneration {unknown}


   Skills:
 + Level 0.2 Fighting
 + Level 0.5 Staves
 * Level 2.1 Armour
 + Level 2.4 Dodging
 - Level 2.0 Stealth
 * Level 6.6 Spellcasting


You knew the following spells:

 Your Spells              Type           Power      Damage    Failure   Level
a - Sting                 Tmut/Pois      100%       1d8       2%          1
b - Poisonous Vapours     Pois/Air       62%        N/A       3%          2
c - Mephitic Cloud        Conj/Pois/Air  31%        N/A       7%          3
d - Olgreb's Toxic Radia  Pois           31%        N/A       22%         4
e - Magic Dart            Conj           100%       1d8       2%          1
f - Wereblood             Tmut           31%        N/A       3%          2
g - Tukima's Dance        Hex            31%        N/A       7%          3
Your spell library was empty.

Dungeon Overview and Level Annotations

Branches:
Dungeon (6/15)             Temple (1/1) D:6

Altars:
Elyvilon
Fedhas
Gozag
Hepliaklqana
Okawaru
Qazlal
Ru
Xom
Yredelemnul
Zin

Shops:
D:5 [


Innate Abilities, Weirdness & Mutations

You are immune to sickness and miasma.
You are immune to poison.
Your flesh is very heat resistant. (rF++)
You are vulnerable to cold. (rC-)
You float through the air rather than walking.
You learn spells naturally, not from books.
Your magical power is your life essence.
You have superior vitality. (+4 MHP)


Message History

Unknown command.
The adder bites you.
You fly upwards.
There is a stone staircase leading down here.
Casting: Sting (safe; 2% risk of failure)
Confirm with . or Enter, or press ? or * to list all spells.
Aiming: Sting (safe; 2% risk of failure)
Press: ? - help, Shift-Dir - straight line, f - adder
Aim: an adder (63% to hit)
The sting hits the adder.
The adder is poisoned.
The adder is lightly wounded.
The adder barely misses you.
Unknown command.
Casting: Sting (safe; 2% risk of failure)
Confirm with . or Enter, or press ? or * to list all spells.
Aiming: Sting (safe; 2% risk of failure)
Press: ? - help, Shift-Dir - straight line, f/p - adder
Aim: an adder (moderately wounded, poisoned, 63% to hit)
The sting hits the adder.
The adder looks even sicker.
The adder is severely wounded.
The adder bites you but does no damage. x2
Unknown command.
You hit the adder.
You kill the adder!
You see here an adder corpse.
There is a stone staircase leading down here.
You start resting.
HP restored.
You fly downwards.
There is a stone staircase leading up here.
The acid dragon roars!
The acid dragon spits acid at you. The splash of acid hits you!!
Ouch! That really hurt!
The acid corrodes you!
There is a stone staircase leading up here.
The acid dragon spits acid at you. The splash of acid hits you!!
Ouch! That really hurt!
You die...

#........ .........
.. .........#.#
........##.#
........##.#
...........#
......>.#..# ##
#.@...### .#
#.#.....##.#
#.##.......#####
#.##.8.8.8.....#
#D##..⌠.⌠((....#
#....8.>.8.....#
..........D⌠.⌠..#.##
.......#..8.8.8...#
....#####.......###


You could see an acid dragon (catching breath).

Vanquished Creatures
  An ice beast (D:5)
  A black bear (D:5)
  A phantom (D:4)
  A scorpion (D:4)
  2 orc priests
  3 hounds
  An iguana (D:4)
  3 orc wizards
  A sleepcap (D:3)
  3 gnolls (D:2)
  7 adders
  2 shadow imps
  An ufetubus (D:5)
  2 worms
  2 dart slugs
  14 orcs
  7 ball pythons
  12 endoplasms
  A giant cockroach (D:3)
  11 goblins
  9 hobgoblins
  2 jackals (D:1)
  9 kobolds
  2 quokkas
  4 bats
  2 frilled lizards
  8 rats
112 creatures vanquished.

Notes
Turn   | Place    | Note
-------+----------+-------------------------------------------
     0 | D:1      | monsoonserge the Djinni Venom Mage began the quest for the
                  | Orb.
     0 | D:1      | monsoonserge set off with the following spells memorised:
                  | Sting, Poisonous Vapours, Mephitic Cloud, Olgreb's Toxic
                  | Radiance.
     0 | D:1      | Reached XP level 1. HP: 15/15 MP: 0/0
    86 | D:1      | Reached XP level 2. HP: 6/21 MP: 0/0
   389 | D:1      | Reached skill level 3 in Spellcasting
   911 | D:2      | Reached XP level 3. HP: 21/25 MP: 0/0
   911 | D:2      | Learned a level 1 spell: Magic Dart
  1311 | D:2      | Reached XP level 4. HP: 10/31 MP: 0/0
  2070 | D:3      | Reached skill level 4 in Spellcasting
  2094 | D:3      | Reached XP level 5. HP: 32/35 MP: 0/0
  2094 | D:3      | Learned a level 2 spell: Wereblood
  2718 | D:3      | Found a faded altar of an unknown god.
  3019 | D:3      | Found an iron altar of Okawaru.
  3162 | D:4      | Found a glowing silver altar of Zin.
  3244 | D:4      | Reached XP level 6. HP: 19/40 MP: 0/0
  3453 | D:4      | Reached skill level 5 in Spellcasting
  3715 | D:4      | Reached skill level 1 in Armour
  3718 | D:4      | Reached XP level 7. HP: 30/45 MP: 0/0
  3718 | D:4      | Learned a level 3 spell: Tukima's Dance
  4011 | D:5      | Entered Level 5 of the Dungeon
  4011 | D:5      | Found Wuebre's Armour Emporium.
  4343 | D:5      | Reached skill level 6 in Spellcasting
  4540 | D:5      | Identified the +2 chain mail "Pistot" {rElec Int+4}
  4585 | D:5      | HP: 1/45 [orc/+0 war axe (8)]
  4810 | D:5      | Found a blossoming altar of Fedhas.
  4858 | D:4      | Reached XP level 8. HP: 30/50 MP: 0/0
  5106 | D:6      | Found a staircase to the Ecumenical Temple.
  5113 | D:6      | HP: 1/50 [hound (4)]
  5114 | Temple   | Entered the Ecumenical Temple
  5570 | D:6      | Killed from afar by an acid dragon

Illustrated notes

Levels and vault maps discovered:
D:1:      amcnicky_arrival_double_pillar, layout_basic
D:2:      layout_basic, hangedman_decor_clover_reticule
D:3:      layout_basic, okawaru_altar_gauntlet_db,
          nicolae_ecumenical_lake_church, grunt_ministairs_10,
          minmay_close_crescents
D:4:      layout_cave_pools, overflow_temple_1_default,
          mainiacjoe_overflow_24_doors
D:5:      layout_gridville, fedhas_altar_1, serial_shops, nicolae_shop_stone
D:6:      layout_rooms, minmay_temple_entry_statues_fountains,
          nicolae_figureground_pulse
Temple:   nicolae_temple_colour_theory

Skill      XL: |  1  2  3  4  5  6  7 |
---------------+----------------------+-----
Spellcasting   | 3 4 5 6 |  6.6
Armour         | 1 2 |  2.1
Stealth        | 2 |  2.0
Fighting       | |  0.2
Staves         | |  0.5
Dodging        | |  2.4

Action                     |  1- 3 |  4- 6 |  7- 9 || total
---------------------------+-------+-------+-------++-------
  Melee: Short sword       |     2 |       |       ||     2
         Quarterstaff      |     1 |    14 |     2 ||    17
         Hand axe          |       |       |     1 ||     1
   Cast: Sting             |    39 |    80 |    51 ||   170
         Poisonous Vapours |    28 |    50 |     9 ||    87
         Magic Dart        |     4 |    19 |    12 ||    35
         Mephitic Cloud    |     2 |     2 |     1 ||     5
         Olgreb's Toxic Ra |       |     3 |     1 ||     4
         Wereblood         |       |       |     1 ||     1
    Use: Potion            |       |       |     5 ||     5
   Stab: Sleeping          |     1 |     3 |       ||     4
         Confused          |       |     1 |       ||     1
 Armour: Robe              |     3 |     4 |       ||     7
         Leather armour    |       |     6 |       ||     6
         Ring mail         |       |     1 |    19 ||    20
  Dodge: Dodged            |     9 |    28 |    32 ||    69
